 Dungeon Crawl Stone Soup version 0.29-a0-416-g83a48905f1 (webtiles) character file.

Game seed: 1505458852660016973

119 siradein the Quickloader (level 5, -5/30 HPs)
             Began as a Kobold Hunter on May 16, 2022.
             Slain by an ogre
             ... wielding a +0 giant club
              (17 damage)
             ... on level 3 of the Dungeon.
             The game lasted 00:06:58 (3289 turns).

siradein the Quickloader (Kobold Hunter)            Turns: 3289, Time: 00:06:58

Health: -5/30      AC:  5    Str:  8    XL:     5   Next: 24%
Magic:  5/5        EV: 14    Int: 11    God:
Gold:   169        SH:  0    Dex: 20    Spells: 4/4 levels left

rFire   . . .      SeeInvis .   a - +1 hand crossbow
rCold   . . .      Faith    .   (no shield)
rNeg    . . .      Spirit   .   b - +0 leather armour
rPois   .          Reflect  .   m - +0 helmet
rElec   .          Harm     .   (no cloak)
rCorr   .          Rampage  .   n - +0 pair of gloves
Will    .....                   (no boots)
Stlth   +++.......              (no amulet)
HPRegen 0.10/turn               (no ring)
MPRegen 0.09/turn               (no ring)

@: no status effects
A: small, no large weapons, nightstalker 3
a: no special abilities


You were on level 3 of the Dungeon.
You visited 1 branch of the dungeon, and saw 3 of its levels.

You collected 169 gold pieces.

Inventory:

Hand Weapons
 a - a +1 hand crossbow (weapon)
Missiles
 i - 6 poisoned darts
 o - an atropa-tipped dart (quivered)
Armour
 b - a +0 leather armour (worn)
 m - a +0 helmet (worn)
 n - a +0 pair of gloves (worn)
Scrolls
 c - a scroll of immolation
 f - 2 scrolls of silence
 k - 2 scrolls of teleportation
 l - a scroll of fear
 q - a scroll of noise {unknown}
 r - a scroll of magic mapping {unknown}
 s - a scroll of torment {unknown}
 t - a scroll of enchant armour {unknown}
Potions
 d - a potion of lignification
 g - 3 potions of curing
 h - a potion of resistance
 j - a potion of mutation
 p - a potion of invisibility


   Skills:
 - Level 2.1 Fighting
 + Level 8.2 Crossbows
 - Level 2.4 Dodging
 - Level 1.3 Stealth


You had 4 spell levels left.
You didn't know any spells.
Your spell library contained the following spells:

 Spells                   Type           Power      Damage    Failure   Level
 Beastly Appendage        Tmut           0%         N/A       45%         1
 Wereblood                Tmut           0%         N/A       61%         2
 Spider Form              Tmut/Pois      0%         N/A       83%         3


Dungeon Overview and Level Annotations

Branches:
Dungeon (3/15)

Altars:
Nemelex Xobeh
Uskayaw


Innate Abilities, Weirdness & Mutations

You are small and have problems with some larger weapons.
You are completely attuned to the shadows.


Message History

Throw: 7 darts (poison)
Press: ? - help, Q - select action, (/) - cycle Shift-Dir - straight line, f/p - ogre
Aim: an ogre, wielding a +0 giant club (77% to hit)
You throw a poisoned dart.
The poisoned dart barely misses the ogre.
Unknown command.
Throw: 6 darts (atropa)
Press: ? - help, Q - select action, (/) - cycle Shift-Dir - straight line, f/p - ogre
Aim: an ogre, wielding a +0 giant club (77% to hit, chance to blind on hit: 27%)
You throw an atropa-tipped dart. The atropa-tipped dart hits the ogre.
The ogre resists.
The ogre closely misses you.
Throw: 5 darts (atropa)
Press: ? - help, Q - select action, (/) - cycle Shift-Dir - straight line, f/p - ogre
Aim: an ogre, wielding a +0 giant club (77% to hit, chance to blind on hit: 27%)
You throw an atropa-tipped dart. The atropa-tipped dart hits the ogre.
The ogre appears confused.
The ogre seems less confused.
The ogre is no longer blind.
The ogre attacks as you move away! The ogre misses you.
Throw: 4 darts (atropa)
Press: ? - help, Q - select action, (/) - cycle Shift-Dir - straight line, f/p - ogre
Aim: an ogre, wielding a +0 giant club (77% to hit, chance to blind on hit: 27%)
You throw an atropa-tipped dart. The atropa-tipped dart hits the ogre.
The ogre resists.
The ogre hits you with a +0 giant club!!
Ouch! That really hurt!
Throw: 3 darts (atropa)
Press: ? - help, Q - select action, (/) - cycle Shift-Dir - straight line, f/p - ogre
Aim: an ogre, wielding a +0 giant club (77% to hit, chance to blind on hit: 41%)
You throw an atropa-tipped dart. The atropa-tipped dart hits the ogre.
The ogre resists.
Throw: 2 darts (atropa)
Press: ? - help, Q - select action, (/) - cycle Shift-Dir - straight line, f/p - ogre
Aim: an ogre, wielding a +0 giant club (77% to hit, chance to blind on hit: 27%)
You throw an atropa-tipped dart.
The atropa-tipped dart barely misses the ogre.
The ogre hits you with a +0 giant club!
Ouch! That really hurt!
You die...

#############
*##...........###
*.....###)###...#####
*.....##...#.....(..#*****
*.........@O..(.....>,,,,**
*.....##...#.......((,,,,,รท
*.....##.........####***,**
*##.##....###....#,,,,,*,*
#.##.#...**...,*,,_,,*,*
#.#......**,,,,**,,,**,*
###...###..**,,,,,,,,,**,*
#....##^**.,*,,,,,,,****,**
#...##,^,**,,,*****,* *,,,


You could see an ogre.

Vanquished Creatures
  Robin (D:1)
  4 adders
  A worm (D:2)
  An orc (D:3)
  A ball python (D:2)
  2 bats (D:1)
  7 endoplasms
  17 goblins
  14 hobgoblins
  6 kobolds
  A quokka (D:2)
  4 frilled lizards
  4 rats
63 creatures vanquished.

Notes
Turn   | Place    | Note
-------+----------+-------------------------------------------
     0 | D:1      | siradein the Kobold Hunter began the quest for the Orb.
     0 | D:1      | Reached XP level 1. HP: 12/12 MP: 1/1
   312 | D:1      | Reached XP level 2. HP: 17/17 MP: 2/2
   328 | D:1      | Found a faded altar of an unknown god.
   336 | D:1      | Reached skill level 6 in Crossbows
  1192 | D:2      | Noticed Robin
  1207 | D:1      | Killed Robin
  1208 | D:1      | Reached XP level 3. HP: 17/21 MP: 3/3
  1323 | D:1      | Reached skill level 7 in Crossbows
  1347 | D:2      | Reached XP level 4. HP: 24/26 MP: 4/4
  2184 | D:3      | Reached XP level 5. HP: 30/30 MP: 5/5
  2337 | D:3      | Found a hide-covered altar of Uskayaw.
  2472 | D:3      | Reached skill level 8 in Crossbows
  2539 | D:3      | Found a sparkling altar of Nemelex Xobeh.
  2550 | D:3      | Noticed an ogre
  3289 | D:3      | Slain by an ogre

Illustrated notes

Levels and vault maps discovered:
D:1:      saegor_arrival_simple_b, layout_basic, basic_ecumenical_altar
D:2:      minmay_angry_zag, layout_loops_ring, uniq_robin
D:3:      layout_loops_ring, nemelex_spade_bored_becter,
          mainiacjoe_overflow_alcove_1, kennysheep_flooded_box

Skill      XL: |  1  2  3  4  5 |
---------------+----------------+-----
Crossbows      | 6 7 8 |  8.2
Fighting       | |  2.1
Dodging        | |  2.4
Stealth        | |  1.3

Action                   |  1- 3 |  4- 6 || total
-------------------------+-------+-------++-------
 Fire: Hand crossbow     |    56 |    81 ||   137
Throw: Dart              |       |     9 ||     9
  Use: Scroll            |       |     7 ||     7
Armor: Leather armour    |     3 |     8 ||    11
Dodge: Dodged            |    19 |    27 ||    46

Table legend: (Time is in decaauts)
 A = Elapsed time spent in this place.
 B = Non-inter-level travel time spent in this place.
 C = Inter-level travel time spent in this place.
 D = Time resting spent in this place.
 E = Time spent auto-exploring this place.
 F = Levels seen in this place.
 G = Mean time per level.
                   A        B        C        D        E       F      G
               +--------+--------+--------+--------+--------+-----+--------+
         Total |   3320 |   3226 |     94 |    313 |   2446 |   3 | 1106.7 |
       Dungeon |   3320 |   3226 |     94 |    313 |   2446 |   3 | 1106.7 |
               +--------+--------+--------+--------+--------+-----+--------+

Top non-repeatable levels by time:
     D:1: 1307 daAuts
     D:3: 1135 daAuts
     D:2: 877 daAuts
